 Dungeon Crawl Stone Soup version 0.32-a0-411-g744942f433 (webtiles) character file.

Game seed: 12670544221010302163

36570 retardedninja the Cleaver (level 13, -1/116 HPs)
             Began as a Mountain Dwarf Fighter on Feb 20, 2024.
             Was the Champion of Cheibriados.
             Slain by a skyshark (4 damage)
             ... on level 4 of the Lair of Beasts.
             The game lasted 00:30:06 (22121 turns).

retardedninja the Cleaver (Mountain Dwarf Fighter) Turns: 22121, Time: 00:30:07

Health: -1/116     AC: 24    Str: 37    XL:     13   Next: 53%
Magic:  13/25      EV:  8    Int: 26    God:    Cheibriados [******]
Gold:   1141       SH:  8    Dex: 29    Spells: 24/28 levels left

rFire   + . .        J - +3 war axe (elec)
rCold   + . .        c - +0 buckler
rNeg    . . .        e - +2 plate armour
rPois   .            G - +0 helmet
rElec   .            j - +1 cloak {rCorr}
rCorr   +            (no gloves)
SInv    .            (no boots)
Will    +....        t - amulet of Nohuw {RegenMP rF+ Dex+5} Stlth
                     v - +4 ring of protection
HPRegen 0.39/turn    q - ring of protection from cold
MPRegen 0.59/turn

%: no passive effects
@: very slow
A: runic magic, artefact enchanting
a: Renounce Religion, Bend Time, Temporal Distortion, Slouch, Step From Time


You were on level 4 of the Lair of Beasts.
You worshipped Cheibriados.
Cheibriados was exalted by your worship.
You visited 3 branches of the dungeon, and saw 16 of its levels.

You collected 1141 gold pieces.

Inventory:

Hand Weapons
 J - a +3 war axe of electrocution (weapon)
Missiles
 h - a throwing net (quivered)
 L - 6 silver javelins
Armour
 c - a +0 buckler (worn)
 e - a +2 plate armour (worn)
 j - a +1 cloak of preservation (worn)
 G - a +0 helmet (worn)
Jewellery
 d - an amulet of the acrobat
 q - a ring of protection from cold (right hand)
 t - the amulet of Nohuw (around neck) {RegenMP rF+ Dex+5}
   (You found it on level 10 of the Dungeon)

   [amulet of magic regeneration]

   RegenMP:   It increases your rate of magic regeneration.
   Dex+5:     It affects your dexterity (+5).
   rF+:       It protects you from fire.
 v - a +4 ring of protection (left hand)
 E - a ring of willpower
Wands
 n - a wand of flame (1)
 y - a wand of paralysis (12)
 B - a wand of mindburst (11)
Scrolls
 a - a scroll of brand weapon {unknown}
 g - 3 scrolls of revelation
 i - 6 scrolls of teleportation
 p - 3 scrolls of fog
 r - 2 scrolls of torment
 F - 3 scrolls of amnesia
Potions
 b - 2 potions of berserk rage
 f - a potion of degeneration
 k - 2 potions of brilliance
 l - a potion of magic {unknown}
 m - a potion of haste {unknown}
 s - a potion of might
 u - a potion of mutation
 w - 5 potions of enlightenment
 x - 2 potions of resistance
 z - a potion of lignification {unknown}
 A - 4 potions of curing
 D - 2 potions of cancellation
 H - a potion of invisibility {unknown}
 K - a potion of ambrosia


   Skills:
 + Level 11.1 Fighting
 + Level 11.5 Axes
 + Level 10.8 Armour
 - Level 7.5 Shields
 * Level 8.4 Spellcasting
 * Level 9.2 Conjurations
 * Level 9.3 Fire Magic


You had 24 spell levels left.
You knew the following spells:

 Your Spells              Type           Power      Damage    Failure   Level
a - Flame Wave            Conj/Fire      56%        2d13      1%          4

Your spell library contained the following spells:

 Spells                   Type           Power      Damage    Failure   Level
 Inner Flame              Hex/Fire       35%        N/A       3%          3
 Dazzling Flash           Conj/Hex       68%        N/A       4%          3
 Mephitic Cloud           Conj/Alch/Air  26%        N/A       8%          3
 Call Imp                 Summ           20%        N/A       13%         2
 Ensorcelled Hibernation  Hex/Ice        20%        N/A       13%         2
 Jinxbite                 Hex            20%        N/A       13%         2
 Sublimation of Blood     Necr           10%        N/A       13%         2
 Sticky Flame             Fire/Alch      35%        2d7       13%         4
 Call Canine Familiar     Summ           10%        N/A       26%         3
 Fugue of the Fallen      Necr           10%        N/A       26%         3
 Sigil of Binding         Hex            10%        N/A       26%         3
 Anguish                  Hex/Necr       5%         N/A       65%         4
 Dimensional Bullseye     Hex/Tloc       5%         N/A       65%         4
 Curse of Agony           Necr           10%        N/A       94%         5
 Silence                  Hex/Air        5%         N/A       94%         5
 Yara's Violent Unravell  Hex/Alch       5%         3d4       94%         5
 Enfeeble                 Hex            5%         N/A       100%        7
 Haunt                    Necr/Summ      5%         N/A       100%        7
 Summon Hydra             Summ           5%         N/A       100%        7
 Borgnjor's Revivificati  Necr           5%         N/A       100%        8
 Death's Door             Necr           5%         N/A       100%        9


Dungeon Overview and Level Annotations

Branches:
Dungeon (11/15)            Temple (1/1) D:7            Lair (4/5) D:9
 Shoals (0/4) Lair:3        Snake (0/4) Lair:2
  Slime: Lair:4-5       Orc: D:9-12

Altars:
Ashenzari
Cheibriados
Dithmenos
Elyvilon
Fedhas
Gozag
Hepliaklqana
Kikubaaqudgha
Makhleb
Nemelex Xobeh
Okawaru
Qazlal
Ru
Sif Muna
Trog
Uskayaw
Vehumet
Wu Jian
Xom
Yredelemnul
Zin
The Shining One

Shops:
D:1 ?

Annotations:
Lair:2 1 runed translucent door, zenocrate's ghost, journeyman KoDe


Innate Abilities, Weirdness & Mutations

Your spellcasting is much less encumbered by armour.
You can use scrolls of enchantment on lesser artefacts.


Message History

The skyshark bites you.
* * * LOW HITPOINT WARNING * * *
The skyshark tail-slaps you.
* * * LOW HITPOINT WARNING * * *
The skyshark tail-slaps you.
* * * LOW HITPOINT WARNING * * *
The skyshark completely misses you. The skyshark barely misses you.
The skyshark tail-slaps you but does no damage.
Unknown command.
Casting: Flame Wave (mildly dangerous; 1% risk of failure)
Confirm with . or Enter, or press ? or * to list all spells.
Casting: Flame Wave (mildly dangerous; 1% risk of failure)
Press: ? - help, Dir - look around, f - activate A wave of flame ripples out!
The flame wave engulfs the skyshark!
The skyshark is almost dead. (Press . to intensify the flame waves.)
The skyshark bites you but does no damage.
The skyshark tail-slaps you but does no damage. x2
The hornet stings you but does no damage.
The skyshark bites you but does no damage.
The skyshark tail-slaps you but does no damage.
The skyshark tail-slaps you.
* * * LOW HITPOINT WARNING * * *
The hornet stings you but does no damage.
A wave of flame ripples out!
The flame wave engulfs the hornet!
The hornet is moderately wounded.
The flame wave engulfs the skyshark!
The skyshark is almost dead.
You feel yourself speed up.
The skyshark bites you but does no damage.
The skyshark tail-slaps you.
* * * LOW HITPOINT WARNING * * *
The skyshark tail-slaps you but does no damage.
The hornet stings you but does no damage.
The skyshark bites you!
* * * LOW HITPOINT WARNING * * *
The skyshark tail-slaps you but does no damage.
The skyshark tail-slaps you.
You die...
Cheibriados appreciates the motionlessness of death.

.#.......#.......#
..#.....##.......## .#
...##+###.........# #.
.##.....##..###...##.##
#†..#..#.##.ß.........
.#.......#.....#....#
.+...ß...+..<.ß##...#
.#..............#y..#
.#.#..#..#..ß...@...#
#.#.....##.##...#F...#
..#.#+..#......##...##
..#.....##.##.#.#...#
.........#....#......#
.......#.#.............
...#.ß..................
.#.#...#.#..............
...#.....†............


You could see a skyshark (berserk) and a hornet.

Vanquished Creatures
  2 hydras
  2 boulder beetles
  Urug (Lair:3)
  A skyshark (Lair:3)
  A deep elf pyromancer (D:11)
  An ugly thing (D:11)
  A salamander (Lair:2)
  Maurice (D:9)
  A manticore (D:11)
  17 elephants
  4 black mambas
  Joseph (D:7)
  2 merfolk sirens (Lair:3)
  A gargoyle (D:10)
  Maggie (Lair:2)
  10 cane toads
  2 rime drakes
  2 komodo dragons
  A polar bear (Lair:3)
  6 hornets
  2 merfolk (Lair:3)
  2 trolls (D:9)
  Grinder (D:3)
  9 blink frogs
  2 wraiths (D:10)
  3 wyverns
  38 yaks
  Grum (D:10)
  A vampire (D:10)
  4 basilisks
  A steam dragon (D:8)
  An acid dragon (D:11)
  12 water moccasins
  2 sky beasts
  An ice beast (D:7)
  An orc warrior (D:11)
  4 black bears
  An ogre (D:7)
  10 centaurs
  21 wolves
  2 phantoms
  3 kobold brigands
  8 bullfrogs
  A scorpion (D:6)
  5 wights (D:9)
  10 killer bees
  3 electric eels
  4 howler monkeys
  7 crimson imps (D:10)
  A jelly (D:4)
  3 orc priests
  2 hounds
  2 sleepcaps
  2 iguanas
  Ijyb (D:4)
  4 orc wizards
  Robin (D:4)
  8 gnolls (D:5)
  13 adders
  6 white imps
  12 dart slugs
  28 orcs
  8 ball pythons
  10 endoplasms
  5 giant cockroaches
  11 goblins
  9 hobgoblins
  8 jackals
  6 quokkas
  3 bats
  A frilled lizard (D:3)
  25 kobolds
  9 rats
396 creatures vanquished.

Vanquished Creatures (others)
  A white imp (D:7)
  An orc (D:7)
  A goblin (D:4)
  A kobold (D:10)
4 creatures vanquished.

Grand Total: 400 creatures vanquished

Notes
Turn   | Place    | Note
-------+----------+-------------------------------------------
     0 | D:1      | retardedninja the Mountain Dwarf Fighter began the quest
                  | for the Orb.
     0 | D:1      | Reached XP level 1. HP: 19/19 MP: 1/1
    70 | D:1      | Reached XP level 2. HP: 8/26 MP: 2/2
   356 | D:1      | Reached XP level 3. HP: 33/33 MP: 3/3
   410 | D:1      | Found Fufiga's Magic Scroll Emporium.
   856 | D:2      | Reached XP level 4. HP: 35/40 MP: 4/4
  1272 | D:2      | Found a faded altar of an unknown god.
  1372 | D:2      | Reached XP level 5. HP: 38/46 MP: 5/5
  1730 | D:3      | Noticed Grinder
  1748 | D:3      | Paralysed by Grinder for 5 turns
  1756 | D:3      | Paralysed by Grinder for 3 turns
  1762 | D:3      | Killed Grinder
  1763 | D:3      | Reached XP level 6. HP: 20/55 MP: 6/6
  1948 | D:3      | Reached skill level 5 in Armour
  1991 | D:3      | Reached skill level 5 in Fighting
  2253 | D:3      | Found a glowing golden altar of the Shining One.
  2432 | D:3      | Reached skill level 5 in Shields
  2790 | D:4      | Reached skill level 5 in Axes
  2859 | D:4      | Noticed a sky beast
  2910 | D:4      | Killed a sky beast
  2911 | D:4      | Reached XP level 7. HP: 17/61 MP: 7/7
  3119 | D:4      | Noticed Ijyb
  3119 | D:4      | Noticed Robin
  3419 | D:4      | Killed Ijyb
  3765 | D:4      | Killed Robin
  4390 | D:5      | Entered Level 5 of the Dungeon
  5010 | D:5      | Reached XP level 8. HP: 58/70 MP: 8/8
  6189 | D:6      | Found a hide-covered altar of Uskayaw.
  6342 | D:7      | Noticed a hornet
  6347 | D:7      | Paralysed by a hornet for 1 turns
  6356 | D:7      | Killed a hornet
  6759 | D:7      | Found a staircase to the Ecumenical Temple.
  6797 | Temple   | Entered the Ecumenical Temple
  6810 | Temple   | Reached XP level 9. HP: 55/79 MP: 9/9
  6997 | Temple   | Became a worshipper of Cheibriados the Contemplative
  7663 | D:7      | Reached skill level 1 in Conjurations
  8081 | D:7      | Reached skill level 1 in Spellcasting
  8387 | D:7      | Noticed Joseph
  8417 | D:7      | Reached * piety under Cheibriados
  8420 | D:7      | Killed Joseph
  9361 | D:8      | Found a bloodstained altar of Trog.
  9428 | D:8      | Reached XP level 10. HP: 32/88 MP: 14/14
 10756 | D:9      | Noticed an elephant
 10771 | D:9      | Killed an elephant
 10812 | D:9      | Reached ** piety under Cheibriados
 11059 | D:9      | HP: 3/89 [troll (4)]
 11431 | D:9      | Found a staircase to the Lair.
 11531 | D:9      | Reached skill level 5 in Conjurations
 11743 | D:9      | Noticed a boulder beetle
 11744 | D:9      | Noticed Maurice
 11760 | D:9      | Something stole a throwing net
 11761 | D:9      | Something stole 595 gold
 11779 | D:9      | Killed Maurice
 11790 | D:9      | Killed a boulder beetle
 11791 | D:9      | Reached skill level 5 in Spellcasting
 11791 | D:9      | Reached XP level 11. HP: 25/97 MP: 15/18
 12395 | D:10     | Entered Level 10 of the Dungeon
 12445 | D:10     | Reached *** piety under Cheibriados
 12568 | D:10     | Reached skill level 1 in Fire Magic
 13257 | D:10     | Noticed Grum
 13312 | D:10     | Killed Grum
 13524 | D:10     | Identified the amulet of Nohuw {RegenMP rF+ Dex+5}
 13850 | D:11     | Reached **** piety under Cheibriados
 15040 | D:11     | Reached skill level 10 in Axes
 15068 | D:11     | Noticed a deep elf pyromancer
 15077 | D:11     | Killed a deep elf pyromancer
 15571 | D:11     | Noticed a purple ugly thing
 15587 | D:11     | Killed a purple ugly thing
 15938 | D:11     | Learned a level 4 spell: Flame Wave
 16025 | Lair:1   | Entered Level 1 of the Lair of Beasts
 16406 | Lair:1   | Reached skill level 5 in Fire Magic
 16838 | Lair:1   | Reached XP level 12. HP: 75/106 MP: 21/21
 17442 | Lair:2   | Found a white marble altar of Elyvilon.
 17488 | Lair:2   | Reached ***** piety under Cheibriados
 17547 | Lair:2   | Found a runed translucent door.
 17547 | Lair:2   | Noticed zenocrate's ghost (journeyman KoDe)
 17562 | Lair:2   | Reached skill level 10 in Fighting
 17829 | Lair:2   | Noticed a seven-headed hydra
 17838 | Lair:2   | Killed a seven-headed hydra
 17839 | Lair:2   | Noticed Maggie
 17854 | Lair:2   | Killed Maggie
 17871 | Lair:2   | Reached skill level 10 in Armour
 18653 | Lair:2   | Found a staircase to the Snake Pit.
 19324 | Lair:3   | Noticed a boulder beetle
 19347 | Lair:3   | Noticed Urug
 19788 | Lair:3   | Noticed a seven-headed hydra
 19799 | Lair:3   | Killed a seven-headed hydra
 20065 | Lair:3   | Reached XP level 13. HP: 91/114 MP: 24/24
 20495 | Lair:3   | Killed Urug
 20908 | Lair:3   | Reached ****** piety under Cheibriados
 20955 | Lair:3   | Found a staircase to the Shoals.
 22102 | Lair:4   | Paralysed by a hornet for 2 turns
 22108 | Lair:4   | Paralysed by a hornet for 2 turns
 22121 | Lair:4   | HP: 3/116 [skyshark (8)]
 22121 | Lair:4   | Slain by a skyshark

Illustrated notes

Levels and vault maps discovered:
D:1:      erik_arrival_cave_to_civilisation [erik_arrival_cave_to_hall],
          layout_basic, serial_shops, nicolae_shop_waterfront,
          serial_bayou_pond_e
D:2:      layout_rooms, shapermc_ecumenical_altar_gd
D:3:      layout_loops_ring, lemuel_doored_altar, dreamdust_wishing_well,
          minmay_diced_spiral, uniq_grinder
D:4:      kennysheep_slugbush, layout_basic, nicolae_goblin_pals
D:5:      layout_basic, kennysheep_boxes
D:6:      layout_cave_pools, kennysheep_mini, glass_columns_c,
          grunt_decor_junction
D:7:      layout_gridville, minmay_temple_entry_arrows, uniq_joseph
D:8:      layout_loops_ring, mainiacjoe_overflow_paths
D:9:      layout_roguey, grunt_lair_entry_orc_guard_hut,
          chequers_serial_rivers_small_b, uniq_maurice
D:10:     layout_long_grid, minmay_nine_imps, uniq_grum
D:11:     layout_basic, billiards_dpeg
Temple:   nicolae_temple_bog_church
Lair:1:   layout_cave_pods
Lair:2:   layout_regular_city, alex1729_snake_entry_snake,
          hellmonk_ghost_happy_afterlife, basic_altar, grunt_megastairs_4,
          serial_bayou_shore_b, infiniplex_staircase_pool, uniq_maggie
Lair:3:   layout_regular_city, elwin_shoals_entry_stream,
          small_statue_intersection, serial_bayou_shore_a, uniq_urug
Lair:4:   layout_regular_city, dreamdust_wasp_nest, grunt_megastairs_1

Skill      XL: |  1  2  3  4  5  6  7  8  9 10 11 12 13 |
---------------+----------------------------------------+-----
Axes           | 3 4 5 6 7 8 9 10 11 | 11.5
Armour         | 4 5 6 7 8 9 10 | 10.8
Fighting       | 4 5 6 7 8 9 10 11 | 11.1
Shields        | 4 5 7 |  7.5
Conjurations   | 3 5 7 8 9 |  9.2
Spellcasting   | 2 5 6 7 8 |  8.4
Fire Magic     | 5 8 9 |  9.3

Action                     |  1- 3 |  4- 6 |  7- 9 | 10-12 | 13-15 || total
---------------------------+-------+-------+-------+-------+-------++-------
  Melee: War axe           |    74 |   210 |   374 |   639 |    81 ||  1378
   Cast: Flame Wave        |       |       |       |    13 |    18 ||    31
  Evoke: Wand              |       |       |    12 |    32 |     1 ||    45
    Use: Scroll            |     2 |       |     8 |    11 |     5 ||    26
         Potion            |       |     3 |       |     4 |     3 ||    10
 Armour: Scale mail        |    41 |   214 |   323 |       |       ||   578
         Plate armour      |       |       |    87 |   979 |   221 ||  1287
  Dodge: Dodged            |    34 |   113 |   165 |   313 |    84 ||   709
  Block: Buckler           |    14 |    57 |   104 |   296 |    69 ||   540

Table legend: (Time is in decaauts)
 A = Elapsed time spent in this place.
 B = Non-inter-level travel time spent in this place.
 C = Inter-level travel time spent in this place.
 D = Time resting spent in this place.
 E = Time spent auto-exploring this place.
 F = Levels seen in this place.
 G = Mean time per level.
                   A        B        C        D        E       F      G
               +--------+--------+--------+--------+--------+-----+--------+
         Total |  26555 |  25599 |    956 |   6571 |  15486 |  16 | 1659.7 |
       Dungeon |  17644 |  16843 |    801 |   4495 |   9775 |  11 | 1604.0 |
        Temple |    555 |    522 |     33 |    479 |      0 |   1 |  555.0 |
          Lair |   8355 |   8233 |    122 |   1596 |   5711 |   4 | 2088.8 |
               +--------+--------+--------+--------+--------+-----+--------+

Top non-repeatable levels by time:
  Lair:3: 3541 daAuts
    D:10: 2475 daAuts
     D:7: 2467 daAuts
  Lair:2: 2368 daAuts
     D:9: 2342 daAuts
    D:11: 2293 daAuts
  Lair:1: 1983 daAuts
     D:4: 1752 daAuts
     D:8: 1440 daAuts
     D:5: 1206 daAuts
     D:3: 1201 daAuts
     D:6: 842 daAuts
     D:1: 831 daAuts
     D:2: 792 daAuts
  Temple: 555 daAuts
